Map: Dusk Towers

Players

Pokebunny - Winner!

  • Race: Terran Terran
  • League: Grandmaster

Diord

  • Race: Terran Terran
  • League: Grandmaster

VOD

Have the link to the VOD?

Description

Time

  • Played on: April 6, 2016, 4:41 p.m.
  • Length: 7:07
Show
View Real Time Build Order
Export as new Build Order

Pokebunny Terran - Winner!

Build Orders: Reaper Expand 

Get SALT Encoding   

  12  0:01  SCV  
  13  0:13  SCV  
  14  0:17  Supply Depot  
  14  0:25  SCV  
  15  0:39  SCV  
  15  0:42  Barracks  
  16  0:43  Refinery  
  16  0:51  SCV  
  17  1:03  SCV  
  18  1:15  SCV  
  19  1:29  Reaper, Orbital Command  
  20  1:39  Command Center  
  20  1:51  Supply Depot  
  20  1:54  SCV  
  21  2:02  Marine  
  21  2:08  SCV  
  23  2:14  Factory  
  23  2:15  Refinery  
  23  2:19  Marine  
  23  2:20  SCV  
  25  2:32  SCV  
  26  2:37  Marine  
  27  2:44  SCV  
  27  2:56  SCV  
  27  2:58  Hellion, Starport, Marine  
  30  2:59  Orbital Command, Engineering Bay  
  31  3:09  SCV  
  32  3:16  Marine  
  32  3:19  Hellion  
  35  3:21  SCV  
  35  3:25  Missile Turret  
  35  3:26  SCV  
  37  3:28  Missile Turret  
  37  3:34  Marine  
  37  3:36  Viking  
  37  3:40  SCV  
  41  3:42  SCV  
  41  3:44  Factory Tech Lab  
  42  3:56  Barracks Tech Lab  
  42  3:58  Barracks  
  42  3:59  Refinery, SCV x2  
  44  4:15  Marine  
  44  4:16  Stimpack  
  45  4:18  SCV  
  45  4:19  Supply Depot  
  45  4:24  Supply Depot  
  46  4:31  Starport Reactor  
  46  4:32  Barracks  
  46  4:41  Siege Tank, SCV  
  46  4:45  SCV  
  50  4:51  Barracks Reactor, Marine  
  51  4:55  SCV  
  51  4:57  SCV  
  53  5:03  Terran Infantry Weapons Level 1  
  53  5:04  Supply Depot  
  53  5:08  Medivac x2  
  53  5:09  SCV  
  53  5:10  SCV  
  59  5:17  Siege Tank  
  59  5:20  Barracks Reactor  
  62  5:25  Marine  
  62  5:27  Supply Depot  
  63  5:29  Supply Depot  
  63  5:32  Marine x2  
  65  5:36  SCV x2  
  67  5:49  Siege Tank  
  66  5:58  Marine x3  
  66  5:59  Marine x2  
  66  6:01  SCV x2  
  73  6:14  Command Center  
  73  6:16  Marine x4, SCV  
  73  6:17  SCV  
  79  6:21  Siege Tank  
  80  6:36  Marine  
  80  6:37  Marine x4  
  85  6:44  SCV  
  86  6:57  Supply Depot  
Show
View Real Time Build Order
Export as new Build Order

Diord Terran 

Build Orders: 1/1/1, Banshee Rush 

Get SALT Encoding   

  12  0:01  SCV  
  13  0:13  SCV  
  14  0:18  Supply Depot  
  14  0:25  SCV  
  14  0:28  Refinery  
  15  0:39  SCV  
  16  0:45  Barracks  
  16  0:51  SCV  
  17  0:57  Refinery  
  17  1:04  SCV  
  18  1:16  SCV  
  19  1:32  Orbital Command  
  19  1:34  Factory  
  19  1:37  Marine  
  20  1:53  Supply Depot  
  20  1:54  Marine  
  20  1:58  SCV  
  22  2:10  SCV  
  22  2:12  Marine  
  23  2:19  Starport  
  25  2:23  Hellion  
  25  2:27  SCV  
  26  2:31  Barracks Tech Lab  
  26  2:39  SCV  
  27  2:44  Supply Depot  
  27  2:51  SCV  
  28  3:04  Banshee, Cloaking Field  
  31  3:17  Factory  
  31  3:24  Barracks Reactor, SCV  
  34  3:29  Supply Depot  
  32  3:41  Command Center  
  32  3:49  SCV  
  32  3:50  Raven  
  32  3:52  Factory Reactor  
  35  4:01  Factory Tech Lab  
  35  4:04  SCV  
  36  4:16  SCV  
  37  4:21  Infernal Pre-Igniter  
  37  4:23  Hellion  
  39  4:35  Hellion x2  
  43  4:42  Viking x2  
  47  4:53  Hellion  
  47  4:55  Orbital Command, SCV  
  50  5:07  Hellion  
  49  5:08  Hellion, SCV  
  49  5:10  Supply Depot  
  54  5:21  Hellion, Medivac x2  
  58  5:31  Supply Depot  
  58  5:32  Hellion  
  58  5:34  Hellion  
  62  5:38  SCV x2  
  64  5:48  Supply Depot  
  64  5:49  Hellion  
  66  5:53  Hellion  
  66  5:56  Armory, SCV  
  69  5:58  SCV  
  69  6:03  Hellion  
  72  6:04  Medivac  
  72  6:09  SCV  
  75  6:12  Medivac  
  75  6:16  Supply Depot  
  75  6:17  SCV  
  78  6:20  Hellion  
  78  6:24  Hellion  
  82  6:29  Hellion, SCV  
  81  6:45  Hellion  
  84  6:49  SCV x2  
Tags
 
Add a new tag
Caveats
  • Supply blocks, unpowered buildings, or Contaminate may cause inaccurate times.
  • Supply counts are checked every 10 seconds.